 Dungeon Crawl Stone Soup version 0.19.5 (webtiles) character file.

63 ArtsTyrian the Poker (level 3, -2/43 HPs)
             Began as a Centaur Gladiator on May 15, 2017.
             Was a Follower of Dithmenos.
             Slain by SuqMadiq's ghost (3 damage)
             ... on level 3 of the Dungeon.
             The game lasted 00:42:01 (2102 turns).

ArtsTyrian the Poker (Centaur Gladiator)            Turns: 2102, Time: 00:42:04

Health: -2/43      AC: 21    Str: 18      XL:     3   Next: 87%
Magic:  3/3        EV:  1    Int:  4 (7)  God:    Dithmenos [*.....]
Gold:   54         SH:  0    Dex:  7 (9)  Spells: 0 memorised, 2 levels left

rFire  . . .     SeeInvis .     a - +0 trident
rCold  . . .     Gourm    .     (armour currently unavailable)
rNeg   + + +     Faith    .     (no shield)
rPois  +         Spirit   .     (helmet currently unavailable)
rElec  .         Reflect  .     (cloak currently unavailable)
rCorr  .         Harm     .     (gloves currently unavailable)
MR     .....     NoTele   +     (no barding)
Stlth  +.........               (no amulet)
                                (no ring)
                                (no ring)

@: tree-form, wreathed by umbra
A: (hooves 0), (deformed body), (speed 0), (tough skin 0)
a: Renounce Religion


You were on level 3 of the Dungeon.
You worshipped Dithmenos.
Dithmenos was aware of your devotion.
You were not hungry.
You were a tree.
You visited 1 branch of the dungeon, and saw 3 of its levels.

You collected 54 gold pieces.

Inventory:

Hand Weapons
 a - a +0 trident (weapon)
 e - a +0 mace
 i - a +0 club
 j - a +0 club
 m - a cursed -2 club
 p - a +0 dagger
 u - a +0 hand axe
 v - a +0 spear
 y - a +0 dagger
 F - a +0 club
Missiles
 d - 3 throwing nets (quivered)
 B - 42 arrows
 E - 23 poisoned needles
Armour
 b - a +0 leather armour
 c - a +0 helmet (melded)
 k - a +0 buckler
 n - a +0 ring mail (melded)
 o - a +0 scale mail
 q - a +0 ring mail
 r - a +0 leather armour
 C - a +0 ring mail
 G - a +0 leather armour
Scrolls
 h - a scroll of blinking {unknown}
 s - a scroll of amnesia {unknown}
 D - a scroll of remove curse {unknown}
Potions
 g - a potion of degeneration
Comestibles
 f - 2 bread rations
 x - a chunk of flesh
 z - 2 meat rations


   Skills:
 + Level 2.2 Fighting
 + Level 3.4 Polearms
 + Level 2.4 Throwing
 + Level 0.3 Armour
 + Level 2.7 Dodging
 + Level 0.1 Stealth


You had 2 spell levels left.
You didn't know any spells.

Dungeon Overview and Level Annotations

Branches:
Dungeon (3/15)

Altars:
Dithmenos
Trog

Annotations:
D:3 SuqMadiq's ghost, amateur HuHu


Innate Abilities, Weirdness & Mutations

((You have hooves in place of feet.))
((Armour fits poorly on your strangely shaped body.))
((You cover ground very quickly.))
((You have extremely tough skin. (AC +3)))


Message History

SuqMadiq's ghost hits you but does no damage.
The worm bites you.
* * * LOW HITPOINT WARNING * * *
You hit the worm.
The worm is lightly wounded.
SuqMadiq's ghost hits you but does no damage.
You hit the worm.
The worm is moderately wounded.
SuqMadiq's ghost hits you but does no damage.
The worm bites you but does no damage.
You barely miss the worm.
The worm is moderately wounded.
SuqMadiq's ghost hits you but does no damage.
You puncture the worm!
The worm is severely wounded.
SuqMadiq's ghost hits you but does no damage.
The worm bites you.
* * * LOW HITPOINT WARNING * * *
SuqMadiq's ghost hits you.
You die...

######## #......#
+......# # #......#.#
+........##
...#######..........
#......W♣w....#......
#.###########.#......
#+#.#########..........
..................#....
..................# ##
................#..!..
................#...>.
.......<#.###...#.#....
...?..............#..#.


You could see a worm and SuqMadiq's ghost.

Vanquished Creatures
  An adder (D:2)
  A worm (D:2)
  2 dart slugs (D:1)
  3 leopard geckos (D:1)
  5 orcs (D:3)
  3 giant cockroaches
  A goblin (D:1)
  5 hobgoblins (D:1)
  4 kobolds
  A quokka (D:2)
  4 bats
  2 frilled lizards
  4 rats
36 creatures vanquished.

Notes
Turn   | Place    | Note
-------+----------+-------------------------------------------
     0 | D:1      | ArtsTyrian the Centaur Gladiator began the quest for the Orb.
     0 | D:1      | Reached XP level 1. HP: 17/17 MP: 1/1
    88 | D:1      | Reached XP level 2. HP: 13/24 MP: 2/2
   235 | D:1      | Reached skill level 3 in Polearms
  1104 | D:1      | Reached XP level 3. HP: 23/29 MP: 3/3
  1287 | D:2      | Found a faded altar of an unknown god.
  1468 | D:2      | Found a bloodstained altar of Trog.
  2023 | D:2      | Became a worshipper of Dithmenos the Shadowed
  2023 | D:2      | Reached * piety under Dithmenos
  2076 | D:3      | Noticed SuqMadiq's ghost (amateur HuHu)
  2098 | D:3      | HP: 2/43 [worm (3)]
  2102 | D:3      | Slain by SuqMadiq's ghost

Skill      XL: |  1  2 |
---------------+-------+-----
Polearms       | 3 |  3.4
Fighting       | |  2.2
Throwing       | |  2.4
Armour         | |  0.3
Dodging        | |  2.7
Stealth        | |  0.1

Action                   || total
-------------------------++-------
Melee: Trident           ||   136
       Kick              ||    26
  Use: Scroll            ||     4
       Potion            ||    11
  Eat: Meat ration       ||     1
Armor: Leather armour    ||     4
       Ring mail         ||    38
       Skin              ||    24
Dodge: Dodged            ||    53
